[Event "Deutscher Jugend Online Cup 2020"]
[Site "Tornelo"]
[Date "2020.11.14"]
[Round "13"]
[White "Trunz, Tamila"]
[Black "Sickmann, Lisa"]
[Result "0-1"]
[ECO "C67"]
[WhiteElo "1379"]
[BlackElo "1510"]
[Annotator "NA RC"]
[PlyCount "76"]
[EventDate "2020.11.13"]
[EventType "k.o."]
[SourceTitle "playchess.com"]
[Source "ChessBase"]
[SourceQuality "1"]
[TimeControl "600+3"]

1. e4 e5 2. Nf3 Nc6 3. Bb5 Nf6 4. O-O Nxe4 5. Re1 Nd6 6. Bxc6 dxc6 7. Nxe5 Be7 8. Qf3 O-O 9. d4 Be6 10. b3 Bd5 11. Qg3 Re8 12. Bh6 Nf5 13. Qf4 Nxh6 14. c4 Be6 15. Nc3 Bb4 16. Re3 Bxc3 17. Rxc3 f6 18. Nf3 Bf5 19. Nh4 g5 20. Qg3 Qxd4 21. Nxf5 Nxf5 22. Qd3 Qxd3 23. Rxd3 Rad8 24. Rf3 Re5 25. g4 Nh4 26. Rxf6 Rde8 27. h3 Re1+ 28. Rxe1 Rxe1+ 29. Kh2 Kg7 30. Rf5 Nxf5 31. gxf5 Re2 32. Kg3 Rxa2 33. Kg4 Kf6 34. f3 h5+ 35. Kxh5 Kxf5 36. h4 Rh2 37. Kh6 Kf6 38. Kh5 Rxh4# 0-1